 Dungeon Crawl Stone Soup version 0.28.0-1-gb440e238dd (webtiles) character file.

Game seed: 8127986864512981884

64 croobank the Insei (level 4, 0/34 HPs)
             Began as a Gnoll Transmuter on Feb 24, 2022.
             Hit by a boomerang thrown by an orc (3 damage)
             ... on level 3 of the Dungeon.
             The game lasted 00:06:44 (1638 turns).

croobank the Insei (Gnoll Transmuter)               Turns: 1638, Time: 00:06:44

Health: 0/34       AC:  7    Str: 10    XL:     4   Next: 12%
Magic:  9/11       EV: 12    Int: 14    God:
Gold:   78         SH:  0    Dex: 12    Spells: 7/13 levels left

rFire   . . .      SeeInvis .   l - +2 whip (elec)
rCold   . . .      Faith    .   (no shield)
rNeg    . . .      Spirit   .   r - +0 leather armour
rPois   .          Reflect  .   (helmet currently unavailable)
rElec   .          Harm     .   (no cloak)
rCorr   .          Rampage  .   (no gloves)
Will    .....                   (boots currently unavailable)
Stlth   +.........              (no amulet)
HPRegen 0.11/turn               b - +4 ring of protection
MPRegen 0.12/turn               (no ring)

@: appendages (expiring), wereblooded
A: horns 2, talons 2, fangs 1, strong nose, distributed training
a: End Transformation


You were on level 3 of the Dungeon.
You had temporarily grown beastly horns and talons.
You visited 1 branch of the dungeon, and saw 3 of its levels.

You collected 78 gold pieces.

Inventory:

Hand Weapons
 c - a +0 dagger
 f - a +3 whip
 l - a +2 whip of electrocution (weapon)
Missiles
 g - 15 stones
 h - 20 bolts
 i - 3 boomerangs
 j - 3 atropa-tipped darts
Armour
 a - a +0 robe
 m - a +0 plate armour
 p - a +2 ring mail
 r - a +0 leather armour (worn)
Jewellery
 b - a +4 ring of protection (left hand)
Potions
 e - a potion of brilliance
 k - a potion of curing {unknown}
 n - a potion of might {unknown}
 o - a potion of ambrosia {unknown}
 q - a potion of resistance {unknown}


   Skills:
 + Level 2.7 Fighting
 + Level 1.0 Short Blades
 + Level 1.0 Long Blades
 + Level 1.0 Axes
 + Level 1.0 Maces & Flails
 + Level 1.0 Polearms
 + Level 1.0 Staves
 + Level 1.0 Slings
 + Level 1.0 Bows
 + Level 1.0 Crossbows
 + Level 1.0 Throwing
 + Level 1.0 Armour
 + Level 4.6 Dodging
 + Level 1.0 Stealth
 + Level 1.0 Shields
 + Level 6.6 Unarmed Combat
 + Level 5.0 Spellcasting
 + Level 0.8 Conjurations
 + Level 0.8 Hexes
 + Level 0.8 Summonings
 + Level 0.8 Necromancy
 + Level 0.8 Translocations
 + Level 3.8 Transmutations
 + Level 0.8 Fire Magic
 + Level 0.8 Ice Magic
 + Level 0.8 Air Magic
 + Level 0.8 Earth Magic
 + Level 0.8 Poison Magic
 + Level 1.1 Invocations
 + Level 1.0 Evocations


You had 7 spell levels left.
You knew the following spells:

 Your Spells              Type           Power      Damage    Failure   Level
a - Beastly Appendage     Tmut           28%        N/A       4%          1
b - Wereblood             Tmut           14%        N/A       8%          2
c - Spider Form           Tmut/Pois      10%        N/A       26%         3

Your spell library contained the following spells:

 Spells                   Type           Power      Damage    Failure   Level
 Corpse Rot               Necr/Air       10%        N/A       26%         2
 Gell's Gravitas          Tloc           5%         N/A       45%         3
 Lesser Beckoning         Tloc           5%         N/A       45%         3
 Teleport Other           Tloc           5%         N/A       45%         3
 Ice Form                 Ice/Tmut       10%        N/A       65%         4
 Cause Fear               Hex            2%         N/A       86%         4
 Dispel Undead            Necr           5%         3d7       86%         4
 Death Channel            Necr           2%         N/A       100%        6
 Dragon Form              Tmut           7%         N/A       100%        7
 Dragon's Call            Summ           2%         N/A       100%        9


Dungeon Overview and Level Annotations

Branches:
Dungeon (3/15)

Altars:

Shops:
D:1 *


Innate Abilities, Weirdness & Mutations

You have temporarily grown beastly horns and talons.
You have very sharp teeth.
Your uncanny sense of smell can sniff out nearby items.
Your experience applies equally to all skills.


Message History

The bat hits you.
The orc wizard hits you but does no damage.
Casting: Beastly Appendage (safe; 4% risk of failure)
Confirm with . or Enter, or press ? or * to list all spells.
Your blood is infused with primal strength.
The bat hits you but does no damage. The orc hits you but does no damage.
You hit the orc wizard.
The orc wizard is moderately wounded.
The bat hits you but does no damage.
The orc wizard points at you and mumbles some strange words.
The magic dart hits you!
You barely miss the orc wizard. Your kick misses the orc wizard.
Your punch misses the orc wizard.
The orc wizard is moderately wounded.
The bat hits you but does no damage. The orc misses you.
The orc wizard casts a spell at you.
You are confused.
You closely miss the orc. Your kick misses the orc.
Your headbutt misses the orc. The orc closely misses you.
You're too confused to move!
The orc barely misses you.
You bump into the rock wall.
The orc hits you with a +0 flail.
You feel less confused.
You closely miss the orc. Your kick misses the orc.
You bite the orc, but do no damage. The orc barely misses you.
The orc priest invokes the aid of Beogh against you.
Beogh smites you!
* * * LOW HITPOINT WARNING * * *
You feel much better. The orc barely misses you.
You hit the orc. You headbutt the orc.
You feel a bit better.
You kill the orc!
Your transformation is almost over.
The orc priest calls down the wrath of Beogh upon you.
Beogh smites you!
* * * LOW HITPOINT WARNING * * *
Okay, then.
You aren't carrying any scrolls.
The orc throws a boomerang.
The boomerang hits you.
* * * LOW HITPOINT WARNING * * *
The orc throws a boomerang.
The boomerang hits you.
You die...

#......#
.......##
#.o.(...#
#.o.....#
#######ob.....#
#.....o#o....##
#......##...##
#......####.##
#......@.....#
#..†...##....#
#......# ...#
###[#### ###
#..# ##.###
#...### ###...#
#...#


You could see an orc.

Vanquished Creatures
  2 adders
  A worm (D:2)
  2 dart slugs
  An orc (D:3)
  3 endoplasms
  3 giant cockroaches (D:1)
  A hobgoblin (D:1)
  5 jackals
  2 kobolds
  3 ball pythons
  A bat (D:2)
  5 frilled lizards
  4 goblins
  4 rats
37 creatures vanquished.

Notes
Turn   | Place    | Note
-------+----------+-------------------------------------------
     0 | D:1      | croobank the Gnoll Transmuter began the quest for the Orb.
     0 | D:1      | Reached XP level 1. HP: 17/17 MP: 6/6
   298 | D:1      | Reached XP level 2. HP: 23/23 MP: 5/7
   388 | D:1      | Learned a level 2 spell: Wereblood
   531 | D:1      | Found Quni's General Store.
   579 | D:1      | Identified a scroll of acquirement
   579 | D:1      | Acquired a +4 ring of protection
   652 | D:1      | Reached XP level 3. HP: 28/28 MP: 7/9
   656 | D:1      | Learned a level 3 spell: Spider Form
   890 | D:2      | Reached skill level 5 in Spellcasting
  1138 | D:2      | Found a faded altar of an unknown god.
  1209 | D:2      | Reached skill level 1 in Invocations
  1315 | D:2      | Reached skill level 1 in Short Blades
  1315 | D:2      | Reached skill level 1 in Long Blades
  1315 | D:2      | Reached skill level 1 in Axes
  1315 | D:2      | Reached skill level 1 in Maces & Flails
  1315 | D:2      | Reached skill level 1 in Polearms
  1315 | D:2      | Reached skill level 1 in Staves
  1315 | D:2      | Reached skill level 1 in Slings
  1315 | D:2      | Reached skill level 1 in Bows
  1315 | D:2      | Reached skill level 1 in Crossbows
  1315 | D:2      | Reached skill level 1 in Throwing
  1315 | D:2      | Reached skill level 1 in Armour
  1315 | D:2      | Reached skill level 1 in Stealth
  1315 | D:2      | Reached skill level 1 in Shields
  1315 | D:2      | Reached skill level 1 in Evocations
  1586 | D:3      | Reached XP level 4. HP: 28/34 MP: 7/11
  1638 | D:3      | Hit by a boomerang thrown by an orc

Illustrated notes

Levels and vault maps discovered:
D:1:      enne_arrival_octagon_isle, layout_basic, serial_shops, shop,
          grunt_decor_arrowhead
D:2:      layout_rooms, chequers_ecumenical_altar_twisty,
          chequers_serial_rivers_room_b, kennysheep_donut,
          chequers_serial_rivers_small_3, minmay_misc_feat_ornament,
          minivault_19
D:3:      layout_rooms, grunt_decor_clamped

Skill      XL: |  1  2  3 |
---------------+----------+-----
Spellcasting   | 5 |  5.0
Invocations    | 1 |  1.1
Short Blades   | 1 |  1.0
Long Blades    | 1 |  1.0
Axes           | 1 |  1.0
Maces & Flails | 1 |  1.0
Polearms       | 1 |  1.0
Staves         | 1 |  1.0
Slings         | 1 |  1.0
Bows           | 1 |  1.0
Crossbows      | 1 |  1.0
Throwing       | 1 |  1.0
Armour         | 1 |  1.0
Stealth        | 1 |  1.0
Shields        | 1 |  1.0
Evocations     | 1 |  1.0
Fighting       | |  2.7
Dodging        | |  4.6
Unarmed Combat | |  6.6
Conjurations   | |  0.8
Hexes          | |  0.8
Summonings     | |  0.8
Necromancy     | |  0.8
Translocations | |  0.8
Transmutations | |  3.8
Fire Magic     | |  0.8
Ice Magic      | |  0.8
Air Magic      | |  0.8
Earth Magic    | |  0.8
Poison Magic   | |  0.8

Action                   |  1- 3 |  4- 6 || total
-------------------------+-------+-------++-------
Melee: Dagger            |    43 |       ||    43
       Kick              |    14 |       ||    14
       Headbutt          |    11 |     1 ||    12
       Punch             |     2 |       ||     2
       Unarmed           |     1 |       ||     1
       Whip              |    38 |     6 ||    44
       Bite              |     5 |     1 ||     6
 Cast: Beastly Appendage |    25 |     1 ||    26
       Wereblood         |     1 |     1 ||     2
  Use: Scroll            |     6 |       ||     6
       Potion            |       |     1 ||     1
 Stab: Sleeping          |     2 |       ||     2
Armor: Robe              |    15 |       ||    15
       Leather armour    |     4 |     6 ||    10
Dodge: Dodged            |    53 |     7 ||    60
